Map: Eternal Empire LE

Players

AgoElazer (Elazer)

  • Race: Zerg Zerg
  • Spawn Location: 1:00

Zest - Winner!

  • Race: Protoss Protoss
  • Spawn Location: 7:00

Event: StayAtHomestory Cup #1

VOD

Have the link to the VOD?

Description

Time

  • Played on: April 10, 2020, 7:54 a.m.
  • Length: 14:25

All games in this series

Show
View Real Time Build Order
Export as new Build Order

AgoElazer Zerg 

Build Orders: Hatch First 

Get SALT Encoding   

  12  0:00  Drone  
  13  0:12  Overlord  
  13  0:17  Drone  
  14  0:30  Drone x2  
  16  0:38  Drone  
  17  0:51  Hatchery  
  17  0:55  Drone  
  17  0:58  Drone  
  18  1:09  Extractor  
  17  1:13  Spawning Pool  
  17  1:16  Drone  
  17  1:19  Drone  
  18  1:28  Drone  
  19  1:38  Drone  
  20  1:49  Overlord  
  20  1:59  Queen  
  22  2:03  Zergling x2, Queen  
  22  2:04  Zergling x2  
  26  2:12  Metabolic Boost  
  26  2:13  Drone  
  26  2:15  Drone  
  28  2:22  Drone  
  29  2:27  Drone  
  30  2:34  Drone  
  30  2:35  Drone  
  32  2:42  Hatchery  
  31  2:48  Zergling x2  
  32  2:53  Overlord  
  32  2:57  Drone x2  
  33  3:02  Queen  
  35  3:13  Drone x5  
  35  3:19  Drone  
  41  3:25  Drone  
  42  3:31  Extractor, Roach Warren  
  42  3:32  Lair  
  42  3:33  Drone x2  
  42  3:42  Drone  
  42  3:45  Overlord  
  43  3:54  Drone x2  
  43  3:55  Drone, Overlord  
  46  3:59  Overlord  
  46  4:01  Drone x2  
  48  4:06  Drone  
  45  4:15  Drone x6  
  45  4:16  Drone  
  52  4:20  Drone x2  
  54  4:26  Spore Crawler  
  54  4:28  Drone x2  
  54  4:29  Drone  
  56  4:33  Drone  
  52  4:38  Drone  
  52  4:39  Drone  
  52  4:46  Drone  
  52  4:49  Queen  
  52  4:51  Drone  
  56  4:53  Drone  
  56  4:57  Pneumatized Carapace  
  55  5:03  Spore Crawler, Overlord  
  55  5:05  Drone x3  
  57  5:07  Drone x2  
  57  5:12  Queen  
  57  5:13  Overlord  
  60  5:16  Zergling x4  
  62  5:21  Zergling x2  
  62  5:22  Spore Crawler  
  62  5:24  Zergling x10  
  67  5:29  Queen  
  67  5:31  Zergling x2  
  67  5:32  Zergling x4  
  67  5:34  Zergling x2  
  73  5:37  Overlord  
  73  5:44  Overlord  
  73  5:45  Zergling x2  
  74  5:53  Drone  
  74  5:54  Drone x4  
  79  5:58  Hatchery  
  79  6:00  Drone x4  
  79  6:03  Overlord  
  82  6:06  Drone x2  
  78  6:12  Queen  
  78  6:16  Drone x4  
  81  6:21  Drone x5  
  81  6:24  Drone x2  
  86  6:29  Drone x2, Overlord  
  85  6:35  Extractor, Drone x2  
  85  6:36  Hydralisk Den, Extractor  
  85  6:39  Extractor  
  83  6:40  Extractor, Drone x3, Evolution Chamber  
  83  6:42  Drone  
  83  6:46  Baneling Nest  
  83  6:47  Overlord  
  84  6:49  Drone  
  84  6:53  Zergling x2  
  84  6:54  Zergling x10  
  91  6:56  Overlord  
  91  7:05  Grooved Spines  
  91  7:08  Hydralisk x3  
  91  7:12  Hydralisk  
  91  7:13  Hydralisk x2  
  103  7:18  Hydralisk  
  105  7:26  Hydralisk, Overlord  
  105  7:27  Hydralisk x4  
  115  7:33  Zergling x12  
  115  7:34  Baneling x5  
  115  7:36  Baneling x3  
  120  7:37  Baneling  
  120  7:43  Baneling x9  
  120  7:44  Baneling  
  119  7:45  Zergling x4  
  119  7:49  Zergling x6  
  124  7:54  Zergling x2  
  124  7:55  Zergling x8  
  128  8:03  Zergling x18  
  108  8:13  Hydralisk x4  
  108  8:17  Hydralisk x2  
  113  8:23  Zergling x10  
  114  8:31  Centrifical Hooks, Muscular Augments  
  114  8:33  Drone x4  
  109  8:42  Zergling x2  
  109  8:43  Zergling x8  
  114  8:49  Zergling x10  
  114  8:52  Zerg Melee Weapons Level 1  
  114  8:53  Overlord  
  114  8:55  Unknown  
  116  8:56  Zergling x4  
  116  9:00  Zergling x2  
  116  9:01  Baneling  
  116  9:02  Baneling x3  
  119  9:08  Drone  
  120  9:10  Drone x3  
  120  9:15  Overlord  
  123  9:17  Zergling x2  
  123  9:18  Zergling x2  
  123  9:24  Baneling x8  
  124  9:27  Overseer  
  124  9:28  Hydralisk x4  
  124  9:30  Hatchery  
  131  9:34  Drone x5  
  131  9:35  Drone  
  131  9:37  Overlord  
  137  9:42  Hydralisk  
  137  9:43  Hydralisk  
  141  9:49  Hydralisk x4  
  147  10:05  Hydralisk x2  
  147  10:06  Hydralisk  
  132  10:14  Overlord  
  132  10:16  Drone x11  
  143  10:26  Zergling x2  
  143  10:27  Overlord  
  144  10:29  Overlord x2  
  144  10:30  Overlord  
  144  10:34  Zergling x4  
  146  10:38  Zergling x2  
  146  10:42  Zergling x6  
  150  10:44  Overlord  
  150  10:45  Overlord  
  150  10:46  Baneling x2  
  150  10:47  Zergling x20, Hatchery  
  159  10:51  Baneling x4  
  159  10:52  Zerg Melee Weapons Level 2  
  159  10:56  Zergling x6, Infestation Pit, Evolution Chamber  
  160  11:03  Zergling x6  
  163  11:09  Baneling x9  
  163  11:10  Baneling x12  
  163  11:14  Zergling x16  
  171  11:18  Overlord  
  171  11:25  Hydralisk x2  
  171  11:27  Overlord x3  
  169  11:41  Hydralisk x3  
  167  11:47  Zerg Missile Weapons Level 1  
  167  11:48  Zergling x20  
  173  11:55  Hydralisk  
  173  11:56  Hydralisk x3  
  173  11:58  Hive  
  174  12:09  Queen  
  174  12:13  Zergling x18  
  182  12:22  Baneling x5  
  176  12:23  Baneling x6  
  176  12:27  Zergling x6  
  176  12:28  Zergling x10  
  181  12:33  Spire, Spine Crawler  
  181  12:34  Zergling x28  
  181  12:35  Spine Crawler  
  181  12:36  Spine Crawler  
  191  12:49  Zergling x12  
  171  13:00  Zergling x10  
  171  13:01  Zergling x20  
  153  13:06  Hydralisk x3  
  153  13:09  Hydralisk x2  
  139  13:16  Hydralisk x3  
  125  13:23  Hydralisk x3  
  116  13:28  Zergling x4  
  111  13:34  Hydralisk x9  
  111  13:38  Zergling x6  
  129  13:45  Zergling x4  
  129  13:49  Zergling x4  
  129  13:54  Baneling x2  
  129  13:55  Baneling x8  
  131  13:57  Zergling x2  
  128  14:04  Zergling x4  
Show
View Real Time Build Order
Export as new Build Order

Zest Protoss - Winner!

Build Orders: 1 Gate Expand, Oracle Opening, Zealot Archon 

Get SALT Encoding   

  12  0:00  Probe  
  13  0:13  Probe  
  14  0:19  Pylon  
  14  0:25  Probe  
  15  0:37  Probe (Chrono Boost)  
  15  0:41  Gateway  
  16  0:47  Probe (Chrono Boost)  
  17  0:50  Assimilator  
  17  0:52  Probe (Chrono Boost)  
  18  1:04  Probe  
  19  1:16  Probe  
  20  1:29  Nexus  
  20  1:39  Cybernetics Core  
  20  1:42  Probe  
  21  1:49  Assimilator  
  21  1:54  Probe  
  21  1:58  Pylon  
  22  2:07  Probe  
  23  2:14  Adept (Chrono Boost)  
  23  2:17  Warp Gate  
  23  2:19  Probe  
  26  2:25  Stargate  
  26  2:31  Probe  
  26  2:36  Stalker (Chrono Boost)  
  27  2:41  Probe  
  27  2:43  Probe  
  31  2:53  Probe  
  31  2:56  Probe  
  33  3:03  Gateway  
  33  3:05  Probe  
  33  3:06  Oracle (Chrono Boost)  
  33  3:12  Probe  
  38  3:18  Probe  
  39  3:21  Pylon  
  39  3:24  Probe  
  40  3:30  Probe  
  40  3:33  Oracle (Chrono Boost)  
  41  3:36  Probe  
  41  3:37  Assimilator  
  45  3:42  Probe, Pylon  
  45  3:48  Probe  
  47  3:54  Probe  
  48  3:59  Assimilator  
  48  4:00  Probe, Oracle (Chrono Boost)  
  52  4:06  Probe  
  53  4:12  Probe  
  51  4:18  Probe  
  51  4:22  Adept x2, Robotics Facility  
  56  4:24  Probe  
  56  4:30  Probe  
  58  4:36  Oracle  
  61  4:44  Probe  
  62  4:51  Pylon  
  62  4:52  Nexus  
  62  4:54  Pylon  
  62  4:56  Shield Battery  
  62  5:05  Twilight Council  
  62  5:06  Forge  
  62  5:09  Probe  
  62  5:11  Observer (Chrono Boost)  
  62  5:12  Probe  
  65  5:14  Sentry x2  
  69  5:21  Probe, Pylon  
  69  5:23  Immortal (Chrono Boost)  
  74  5:30  Gateway  
  74  5:33  Gateway  
  74  5:38  Sentry  
  74  5:40  Probe x2  
  74  5:42  Protoss Ground Weapons Level 1 (Chrono Boost)  
  78  5:46  Charge  
  78  5:52  Gateway  
  82  5:57  Immortal (Chrono Boost)  
  82  6:18  Stalker x2  
  85  6:25  Stalker  
  85  6:26  Void Ray (Chrono Boost)  
  85  6:27  Probe x2  
  89  6:33  Probe  
  89  6:35  Observer  
  89  6:39  Probe  
  91  6:41  Probe  
  91  6:44  Gateway  
  91  6:46  Gateway, Photon Cannon  
  92  6:47  Templar Archives  
  92  6:48  Zealot x2  
  96  6:57  Warp Prism (Chrono Boost)  
  98  7:07  Gateway  
  98  7:10  Zealot  
  100  7:16  Pylon  
  100  7:18  Pylon, Photon Cannon  
  100  7:22  Pylon  
  100  7:27  Observer  
  101  7:34  Probe x2  
  101  7:35  Probe  
  104  7:42  Pylon  
  104  7:45  Pylon  
  104  7:46  High Templar x4  
  104  7:47  Pylon, Zealot x3  
  104  7:50  Archon x2  
  104  8:09  Zealot x4  
  96  8:14  Immortal (Chrono Boost)  
  96  8:19  Zealot x4  
  91  8:23  Probe  
  86  8:28  Psionic Storm  
  86  8:31  Assimilator  
  86  8:32  Assimilator  
  86  8:33  Zealot x4  
  76  8:42  High Templar x2  
  76  8:45  Zealot  
  76  8:46  Zealot  
  82  8:50  Photon Cannon, Shield Battery  
  82  8:52  Warp Prism (Chrono Boost)  
  84  8:56  Protoss Shields Level 1 (Chrono Boost)  
  84  9:00  High Templar  
  86  9:13  High Templar  
  86  9:14  Probe  
  86  9:15  Probe x2  
  91  9:22  Pylon, Zealot x3  
  91  9:23  Zealot x2  
  101  9:25  High Templar  
  103  9:32  Pylon  
  103  9:38  Nexus  
  103  9:40  Pylon  
  103  9:45  Stalker  
  104  9:48  Stalker  
  106  9:55  Stalker  
  98  10:12  High Templar x4  
  98  10:13  Zealot x3  
  110  10:15  Archon  
  110  10:16  Archon x2  
  110  10:21  Immortal (Chrono Boost)  
  114  10:31  High Templar  
  114  10:34  Probe x2  
  118  10:36  Gateway  
  118  10:40  Gateway  
  118  10:46  Zealot x6  
  118  10:47  Zealot  
  118  10:49  Protoss Ground Weapons Level 2 (Chrono Boost)  
  132  10:51  Probe  
  133  10:58  Observer  
  134  11:05  High Templar  
  134  11:06  High Templar  
  134  11:08  Zealot x5  
  134  11:10  Archon  
  138  11:14  Probe x3  
  133  11:26  Probe x3  
  133  11:27  Zealot  
  133  11:28  Zealot x2  
  133  11:29  Zealot  
  133  11:30  Sentry  
  142  11:44  Probe x3  
  145  11:51  High Templar x2  
  145  11:52  High Templar x2  
  139  11:54  Probe  
  139  11:55  Archon x2  
  139  11:56  Probe x2, Zealot x4  
  150  12:04  Probe  
  150  12:07  Probe  
  148  12:08  Probe  
  148  12:12  Zealot x2  
  151  12:24  High Templar x2, Zealot x4, Blink  
  151  12:29  Archon, Zealot x2  
  167  12:47  Zealot  
  167  12:48  Warp Prism, Zealot x5  
  165  13:08  Zealot x2  
  165  13:09  Zealot x8  
  163  13:17  Archon  
  155  13:24  Warp Prism  
  155  13:26  Observer  
  125  13:35  High Templar x3  
  125  13:36  High Templar x3, Zealot  
  125  13:37  Zealot x3  
  125  13:38  Probe x3  
  125  13:40  Archon, Assimilator  
  125  13:41  Archon x2, Assimilator  
  144  14:01  Zealot x4  
  125  14:18  Zealot x6  
  113  14:24  Stalker x4  
Tags
 
Add a new tag
Caveats
  • Supply blocks, unpowered buildings, or Contaminate may cause inaccurate times.
  • Supply counts are checked every 10 seconds.